 Dungeon Crawl Stone Soup version 0.17-a0-1738-g82cdc46 (webtiles) character file.

209 kae the Insei (level 5, -3/41 HPs)
             Began as a Demonspawn Monk on Aug 30, 2015.
             Was a Believer of Makhleb.
             Slain by cmdexe's ghost (8 damage)
             ... in a sewer.
             The game lasted 00:04:13 (3918 turns).

kae the Insei (Demonspawn Monk)                     Turns: 3918, Time: 00:04:13

Health: -3/41      AC:  3    Str: 11    XL:     5   Next: 55%
Magic:  0/5        EV: 14    Int: 11    God:    Makhleb [**....]
Gold:   290        SH:  0    Dex: 23    Spells: 0 memorised, 4 levels left

rFire  . . .     SeeInvis .       - Unarmed
rCold  . . .     Clarity  .     a - +0 robe
rNeg   . . .     SustAt   .     (no shield)
rPois  .         Gourm    .     (no helmet)
rElec  .         Spirit   +     (no cloak)
rCorr  .         Warding  .     (no gloves)
rMut   .         Stasis   .     c - +0 pair of boots
MR     .....                    (no amulet)
Stlth  ++++......               (no ring)
                                (no ring)

@: not resistant to hostile enchantments, stealthy
A: thin skeletal structure 3, magic shield
a: Minor Destruction, Renounce Religion


You were in a sewer.
You worshipped Makhleb.
Makhleb was pleased with you.
You were not hungry.

You visited 2 branches of the dungeon, and saw 5 of its levels.
You also visited: Sewer.

You collected 290 gold pieces.

Inventory:

Armour
 a - a +0 robe (worn)
 c - a +0 pair of boots (worn)
Jewellery
 d - an uncursed amulet of regeneration {unknown}
Magical devices
 o - a wand of random effects (35)
Scrolls
 h - a scroll of magic mapping
 j - 3 scrolls of remove curse
 p - a scroll of enchant weapon
 q - a scroll of teleportation
 r - 2 scrolls of recharging {unknown}
Potions
 e - 2 potions of ambrosia
 i - 3 potions of curing
 k - a potion of magic {unknown}
 l - a potion of flight {unknown}
 m - a potion of poison {unknown}
Books
 t - a book of Air

   Spells                             Type                      Level
   a - Shock                          Conjuration/Air              1
   b - Swiftness                      Charms/Air                   2
   c - Repel Missiles                 Charms/Air                   2
   d - Static Discharge               Conjuration/Air              3
   e - Lightning Bolt                 Conjuration/Air              5
 u - a book of the Tempests

   Spells                             Type                      Level
   a - Static Discharge               Conjuration/Air              3
   b - Lightning Bolt                 Conjuration/Air              5
   c - Fireball                       Conjuration/Fire             5
   d - Tornado                        Air                          9
   e - Shatter                        Earth                        9
Comestibles
 b - 4 bread rations
 f - 2 meat rations
 g - 5 fruits
 n - a beef jerky
 s - a chunk of flesh


   Skills:
 - Level 3.0 Fighting
 - Level 2.6 Dodging
 - Level 1.7 Stealth
 + Level 6.3 Unarmed Combat


You had 4 spell levels left.
You didn't know any spells.

Dungeon Overview and Level Annotations

Branches:
Dungeon (4/15)             Temple (1/1) D:4

Altars:
Ashenzari
Cheibriados
Dithmenos
Gozag
Kikubaaqudgha
Makhleb
Nemelex Xobeh
Okawaru
Ru
Vehumet
Xom
Yredelemnul
Zin
The Shining One

Annotations:
Sewer Purgy; cmdexe's ghost, experienced DsFi


Innate Abilities, Weirdness & Mutations

You have an unnaturally thin skeletal structure (Dex +6, Stealth++).
When hurt, damage is shared between your health and your magic reserves.


Message History

Purgy shouts!
Cmdexe's ghost closely misses you.
Your surroundings seem slightly different.
You see here 7 gold pieces.
You now have 290 gold pieces (gained 7).
Purgy snarls, "My home!
Leave!"
You see here a scroll of enchant weapon.
p - a scroll of enchant weapon Purgy closely misses you.
Purgy barely misses you. Purgy claws you. Purgy bites you. Purgy misses you.
Purgy closely misses you.
You see here 27 gold pieces.
You punch cmdexe's ghost!
Cmdexe's ghost is lightly damaged.
Purgy misses you. Purgy barely misses you. Purgy claws you.
Cmdexe's ghost hits you! Cmdexe's ghost hits you!
* * * LOW HITPOINT WARNING * * *
Purgy snarls, "My home!
Leave!"
Cmdexe's ghost hits you!
You die...

##...## ##.##
#.# #.# #.#
####### #.#
##.....## #.#
#......$#
###.####...T...#
..........@W.$[#
########.....$(#
#......$#
##.....##
#######


You could see Purgy and cmdexe's ghost.

Vanquished Creatures
  An orc wizard (D:3)
  2 worker ants (D:4)
  A hound skeleton (D:4)
  4 adders
  2 worms
  A giant gecko (D:4)
  6 orcs (D:3)
  8 giant cockroaches
  6 hobgoblins
  4 quokkas
  13 bats
  6 giant newts
  4 goblins
  8 kobolds
  6 rats
  A butterfly (D:4)
73 creatures vanquished.

Notes
Turn   | Place    | Note
--------------------------------------------------------------
     0 | D:1      | kae the Demonspawn Monk began the quest for the Orb.
     0 | D:1      | Reached XP level 1. HP: 18/18 MP: 1/1
   337 | D:1      | Reached skill level 4 in Unarmed Combat
   392 | D:1      | Gained mutation: You have a somewhat thin skeletal structure (Dex +2, Stealth). [demonic ancestry]
   392 | D:1      | Reached XP level 2. HP: 22/24 MP: 2/2
   919 | D:2      | Gained mutation: You have a moderately thin skeletal structure (Dex +4, Stealth+). [demonic ancestry]
   919 | D:2      | Reached XP level 3. HP: 24/29 MP: 3/3
  1068 | D:2      | Reached skill level 5 in Unarmed Combat
  1799 | D:3      | Gained mutation: You have an unnaturally thin skeletal structure (Dex +6, Stealth++). [demonic ancestry]
  1799 | D:3      | Reached XP level 4. HP: 25/35 MP: 4/4
  2531 | D:3      | Found a glowing golden altar of the Shining One.
  2751 | D:3      | HP: 1/35 [worm (11)]
  3120 | D:4      | Gained mutation: When hurt, damage is shared between your health and your magic reserves. [demonic ancestry]
  3120 | D:4      | Reached XP level 5. HP: 39/41 MP: 5/5
  3209 | D:4      | Found a shimmering altar of Xom.
  3213 | D:4      | Found a staircase to the Ecumenical Temple.
  3326 | Temple   | Entered the Ecumenical Temple
  3529 | Temple   | Became a worshipper of Makhleb the Destroyer
  3529 | Temple   | Acquired Makhleb's first power
  3529 | Temple   | Acquired Makhleb's second power
  3626 | D:4      | Reached skill level 6 in Unarmed Combat
  3866 | D:4      | Found a glowing drain.
  3870 | Sewer    | Entered a sewer
  3904 | Sewer    | Noticed cmdexe's ghost (experienced DsFi)
  3908 | Sewer    | Noticed Purgy
  3918 | Sewer    | Slain by cmdexe's ghost

Vault maps used:
D:1:      dpeg_arrival_tiny_a
D:2:      first_bread
D:3:      lemuel_crystal_altar, hangedman_decor_clover_reticule, hex_large,
          minmay_door_square
D:4:      xom_teletrap_fun, minmay_temple_entry_butterflies,
          gup_sewer_entry_bowl, minmay_misc_feat_iff, uniq_eustachio
Temple:   chambers_temple_12
Sewer:    sewer_big_baddie

Action                   |  1- 3 |  4- 6 || total
-------------------------+-------+-------++-------
Melee: Unarmed           |   147 |   128 ||   275
  Use: Scroll            |     5 |     3 ||     8
       Potion            |     2 |     1 ||     3
 Stab: Sleeping          |     8 |     7 ||    15
       Invisible         |     3 |       ||     3
       Distracted        |       |     1 ||     1
  Eat: Chunk             |     2 |     7 ||     9
       Fruit             |       |     1 ||     1
